[Event "Charlotte Spring GM Invitational 2021"]
[Site "Charlotte"]
[Date "2021.03.19"]
[Round "3.3"]
[White "Sinha, Sahil"]
[Black "Yip, Carissa"]
[Result "1-0"]
[ECO "E98"]
[WhiteElo "2353"]
[BlackElo "2423"]
[Annotator "ChessBase"]
[PlyCount "77"]
[EventDate "2021.03.17"]
[EventType "tourn"]
[EventCountry "USA"]
[SourceTitle "playchess.com"]
[Source "ChessBase"]
[SourceQuality "1"]
[TimeControl "5400+30"]

1. d4 Nf6 2. c4 g6 3. Nc3 Bg7 4. e4 d6 5. Be2 O-O 6. Nf3 e5 7. O-O Nc6 8. d5 Ne7 9. Ne1 Ne8 10. Be3 f5 11. f3 f4 12. Bf2 g5 13. c5 h5 14. a4 Rf6 15. cxd6 Nxd6 16. Nb5 Rg6 17. Rc1 Nxb5 18. axb5 Bd7 19. Nd3 b6 20. Qc2 Rc8 21. Ra1 g4 22. Bh4 Qf8 23. Qc3 Kh7 24. Nxe5 Qh8 25. Nxg6 Nxg6 26. Qe1 g3 27. hxg3 Nxh4 28. gxh4 Bd4+ 29. Rf2 Be3 30. Qc3 Qd8 31. e5 Qxh4 32. Bd3+ Kh6 33. Raf1 Rg8 34. Qxc7 Qe7 35. Bf5 Rxg2+ 36. Kxg2 Qg5+ 37. Kh1 Bxf5 38. Rg1 Bg4 39. Rxg4 1-0

[Event "Charlotte Spring GM Invitational 2021"]
[Site "Charlotte"]
[Date "2021.03.19"]
[Round "4.1"]
[White "Belous, Vladimir"]
[Black "Sinha, Sahil"]
[Result "1-0"]
[ECO "E49"]
[WhiteElo "2521"]
[BlackElo "2353"]
[Annotator "RC"]
[PlyCount "61"]
[EventDate "2021.03.17"]
[EventType "tourn"]
[EventCountry "USA"]
[SourceTitle "playchess.com"]
[Source "ChessBase"]
[SourceQuality "1"]
[TimeControl "5400+30"]

1. d4 Nf6 2. c4 e6 3. Nc3 Bb4 4. f3 d5 5. a3 Bxc3+ 6. bxc3 O-O 7. cxd5 exd5 8. e3 c5 9. Bd3 b6 10. Ne2 Ba6 11. Bxa6 Nxa6 12. O-O Re8 13. Ng3 Nc7 14. Ra2 Qd7 15. Raf2 h5 16. e4 g6 17. e5 h4 18. exf6 hxg3 19. hxg3 Re6 20. Bg5 Nb5 21. f4 Re4 22. f5 Nxc3 23. Qd3 cxd4 24. g4 Qe8 25. fxg6 Re3 26. gxf7+ Qxf7 27. Bxe3 dxe3 28. Qxe3 Ne4 29. Rf5 Rc8 30. Qh6 Rc6 31. Rh5 1-0

[Event "Charlotte Spring GM Invitational 2021"]
[Site "Charlotte"]
[Date "2021.03.19"]
[Round "4.2"]
[White "Ostrovskiy, Aleksandr"]
[Black "Gauri, Shankar"]
[Result "1/2-1/2"]
[ECO "C60"]
[WhiteElo "2431"]
[BlackElo "2353"]
[Annotator "NA"]
[PlyCount "44"]
[EventDate "2021.03.17"]
[EventType "tourn"]
[EventCountry "USA"]
[SourceTitle "playchess.com"]
[Source "ChessBase"]
[SourceQuality "1"]
[TimeControl "5400+30"]

1. e4 e5 2. Nf3 Nc6 3. Bb5 g6 4. d4 exd4 5. Bg5 Be7 6. Bxe7 Qxe7 7. Bxc6 dxc6 8. Qxd4 Nf6 9. Nc3 Bg4 10. Nd2 c5 11. Qe3 O-O-O 12. f3 Bd7 13. O-O-O Bc6 14. Nc4 b6 15. Qg5 Qe6 16. Qe5 Rde8 17. Qxe6+ Rxe6 18. Ne3 Rhe8 19. Ned5 h5 20. Nxf6 Rxf6 21. h4 Rfe6 22. Rh3 Rd6 1/2-1/2

[Event "Charlotte Spring GM Invitational 2021"]
[Site "Charlotte"]
[Date "2021.03.19"]
[Round "4.4"]
[White "Wang, Kevin"]
[Black "Hilby, Craig"]
[Result "0-1"]
[ECO "C55"]
[WhiteElo "2402"]
[BlackElo "2454"]
[Annotator "RC"]
[PlyCount "154"]
[EventDate "2021.03.17"]
[EventType "tourn"]
[EventCountry "USA"]
[SourceTitle "playchess.com"]
[Source "ChessBase"]
[SourceQuality "1"]
[TimeControl "5400+30"]

1. e4 e5 2. Nf3 Nc6 3. Bc4 Nf6 4. d3 h6 5. c3 d6 6. Nbd2 g5 7. h4 g4 8. Nh2 h5 9. Qb3 Rh7 10. Nhf1 Na5 11. Qc2 Nxc4 12. Nxc4 Be6 13. Ng3 Bxc4 14. dxc4 Qd7 15. Bg5 Ng8 16. O-O-O Qc6 17. Qe2 f6 18. Be3 Ne7 19. f3 Bh6 20. Bxh6 Rxh6 21. fxg4 hxg4 22. b3 Kf7 23. Qxg4 b5 24. c5 Qxc5 25. Rd3 Rg8 26. Qd7 Qc6 27. Qh3 b4 28. c4 Ke8 29. Rf1 Qd7 30. Nf5 Nxf5 31. Rxf5 Qg7 32. g3 Rg6 33. Rf2 Ke7 34. Qf5 Rxg3 35. Rxg3 Qxg3 36. Qxf6+ Kd7 37. Qf7+ Kc8 38. Rf1 Qc3+ 39. Kb1 Qd3+ 40. Kc1 Qe3+ 41. Kb1 Qxe4+ 42. Ka1 Qd4+ 43. Kb1 Qd3+ 44. Ka1 Kb7 45. Qxg8 Qxf1+ 46. Kb2 Qf2+ 47. Kb1 Qe1+ 48. Kc2 Qf2+ 49. Kb1 Qxh4 50. Qd5+ Kc8 51. Qa8+ Kd7 52. Qxa7 Qe1+ 53. Kb2 Qd2+ 54. Kb1 Qd1+ 55. Kb2 Qd4+ 56. Qxd4 exd4 57. a3 bxa3+ 58. Kxa3 c5 59. b4 cxb4+ 60. Kxb4 Kc6 61. Ka4 Kc5 62. Kb3 d3 63. Kc3 d2 64. Kxd2 Kxc4 65. Kc2 Kd4 66. Kd1 Kd3 67. Kc1 d5 68. Kd1 d4 69. Kc1 Ke2 70. Kc2 d3+ 71. Kb2 d2 72. Ka2 d1=Q 73. Kb2 Qd3 74. Ka1 Qb5 75. Ka2 Kd2 76. Ka1 Kc2 77. Ka2 Qa5# 0-1

[Event "Charlotte Spring GM Invitational 2021"]
[Site "Charlotte"]
[Date "2021.03.19"]
[Round "4.5"]
[White "Ringoir, Tanguy"]
[Black "Mishra, Abhimanyu"]
[Result "1/2-1/2"]
[ECO "D23"]
[WhiteElo "2474"]
[BlackElo "2370"]
[Annotator "ChessBase"]
[PlyCount "46"]
[EventDate "2021.03.17"]
[EventType "tourn"]
[EventCountry "USA"]
[SourceTitle "playchess.com"]
[Source "ChessBase"]
[SourceQuality "1"]
[TimeControl "5400+30"]

1. d4 d5 2. c4 c6 3. Nf3 Nf6 4. Qb3 dxc4 5. Qxc4 Bf5 6. g3 e6 7. Bg2 Be7 8. O-O O-O 9. e3 Nbd7 10. Rd1 Rc8 11. Qe2 Bg6 12. Nc3 b5 13. h3 b4 14. Na4 Qa5 15. b3 c5 16. a3 Qc7 17. dxc5 Nxc5 18. Nxc5 Bxc5 19. axb4 Bxb4 20. Bd2 Bxd2 21. Qxd2 Rfd8 22. Qa2 Rxd1+ 23. Rxd1 Qc5 1/2-1/2

[Event "Charlotte Spring GM Invitational 2021"]
[Site "Charlotte"]
[Date "2021.03.20"]
[Round "6.3"]
[White "Wang, Kevin"]
[Black "Ostrovskiy, Aleksandr"]
[Result "1/2-1/2"]
[ECO "B10"]
[WhiteElo "2402"]
[BlackElo "2431"]
[Annotator "NA"]
[PlyCount "39"]
[EventDate "2021.03.17"]
[EventType "tourn"]
[EventCountry "USA"]
[SourceTitle "playchess.com"]
[Source "ChessBase"]
[SourceQuality "1"]
[TimeControl "5400+30"]

1. e4 c6 2. Nf3 d5 3. d3 dxe4 4. dxe4 Qxd1+ 5. Kxd1 Nf6 6. Nfd2 g5 7. a4 Rg8 8. Nc3 Nbd7 9. f3 g4 10. Nc4 e5 11. Be3 gxf3 12. gxf3 Nh5 13. Bh3 Nb6 14. Nxb6 axb6 15. Bxc8 Rxc8 16. Rg1 Rxg1+ 17. Bxg1 Rd8+ 18. Ke1 Bc5 19. Bxc5 bxc5 20. Ne2 1/2-1/2

[Event "Charlotte Spring GM Invitational 2021"]
[Site "Charlotte"]
[Date "2021.03.20"]
[Round "7.4"]
[White "Sinha, Sahil"]
[Black "Wang, Kevin"]
[Result "1/2-1/2"]
[ECO "D39"]
[WhiteElo "2324"]
[BlackElo "2402"]
[Annotator "ChessBase"]
[PlyCount "50"]
[EventDate "2021.03.17"]
[EventType "tourn"]
[EventCountry "USA"]
[SourceTitle "playchess.com"]
[Source "ChessBase"]
[SourceQuality "1"]
[TimeControl "5400+30"]

1. d4 d5 2. c4 e6 3. Nc3 Bb4 4. Nf3 Nf6 5. Bg5 dxc4 6. e4 c5 7. Bxc4 cxd4 8. Nxd4 Qa5 9. Bd2 Qc5 10. Bb5+ Bd7 11. Nb3 Qe7 12. Bd3 Nc6 13. a3 Bd6 14. Rc1 O-O 15. Bg5 Rad8 16. f4 h6 17. e5 Bxe5 18. fxe5 Nxe5 19. Bf4 Bb5 20. Bxb5 Rxd1+ 21. Rxd1 Qc7 22. Rd4 g5 23. Bg3 Nh5 24. Bxe5 Qxe5+ 25. Re4 Qc7 1/2-1/2

[Event "Charlotte Spring GM Invitational 2021"]
[Site "Charlotte"]
[Date "2021.03.20"]
[Round "7.5"]
[White "Ostrovskiy, Aleksandr"]
[Black "Yip, Carissa"]
[Result "0-1"]
[ECO "C84"]
[WhiteElo "2431"]
[BlackElo "2423"]
[Annotator "ChessBase"]
[PlyCount "121"]
[EventDate "2021.03.17"]
[EventType "tourn"]
[EventCountry "USA"]
[SourceTitle "playchess.com"]
[Source "ChessBase"]
[SourceQuality "1"]
[TimeControl "5400+30"]

1. e4 e5 2. Nf3 Nc6 3. Bb5 a6 4. Ba4 Nf6 5. O-O Be7 6. d3 d6 7. c4 Bd7 8. Be3 O-O 9. h3 Re8 10. Nc3 Bf8 11. Rc1 g6 12. Nd5 Bg7 13. Bg5 Nb8 14. Bxd7 Nbxd7 15. Re1 c6 16. Nc3 Nc5 17. Be3 Ne6 18. d4 exd4 19. Nxd4 Nc5 20. f3 Nfd7 21. b4 Ne6 22. Nxe6 Rxe6 23. Ne2 Qc7 24. Qd2 Rd8 25. Red1 Ne5 26. a4 Rde8 27. Nd4 R6e7 28. Nb3 Qc8 29. Bg5 f6 30. Bf4 f5 31. exf5 Qxf5 32. Nd4 Qf7 33. Bg5 Nxc4 34. Qc3 Ne3 35. Rd3 Nd5 36. Qd2 Re5 37. b5 Rxg5 38. Qxg5 Nf4 39. Rcd1 Nxd3 40. Rxd3 Qc4 41. Qd2 Qxa4 42. bxc6 bxc6 43. Ne2 Qa1+ 44. Kh2 Qe5+ 45. Ng3 d5 46. f4 Qb2 47. Qd1 a5 48. Rb3 Qd4 49. Qg4 a4 50. Rb7 a3 51. Qd7 Ra8 52. Qxc6 a2 53. Rxg7+ Kxg7 54. Qb7+ Kh6 55. Qxa8 a1=Q 56. Qf8+ Qg7 57. Qd8 Qgf6 58. Qxd5 Qxf4 59. Qd8 Qae5 60. Qd3 Qfe3 61. Qxg6+ 0-1

[Event "Charlotte Spring GM Invitational 2021"]
[Site "Charlotte"]
[Date "2021.03.21"]
[Round "8.1"]
[White "Belous, Vladimir"]
[Black "Ostrovskiy, Aleksandr"]
[Result "1-0"]
[ECO "D78"]
[WhiteElo "2521"]
[BlackElo "2431"]
[Annotator "RC"]
[PlyCount "63"]
[EventDate "2021.03.17"]
[EventType "tourn"]
[EventCountry "USA"]
[SourceTitle "playchess.com"]
[Source "ChessBase"]
[SourceQuality "1"]
[TimeControl "5400+30"]

1. c4 c6 2. d4 d5 3. Nf3 Nf6 4. Nc3 dxc4 5. g3 Nbd7 6. Bg2 g6 7. a4 a5 8. O-O Bg7 9. e4 O-O 10. Qe2 Nb6 11. h3 Nfd7 12. Bg5 Re8 13. Rad1 Qc7 14. g4 e5 15. d5 Nc5 16. Nd2 Ncxa4 17. Nxa4 Nxa4 18. Nxc4 cxd5 19. exd5 e4 20. d6 Qc6 21. Be7 f5 22. Rc1 Qb5 23. gxf5 gxf5 24. Qh5 Bd7 25. Kh1 Rac8 26. Rg1 Qd5 27. Bf3 Qe6 28. Qg5 Qg6 29. Bh5 Qxg5 30. Rxg5 h6 31. Rxg7+ Kxg7 32. Rg1+ 1-0

[Event "Charlotte Spring GM Invitational 2021"]
[Site "Charlotte"]
[Date "2021.03.21"]
[Round "8.2"]
[White "Wang, Kevin"]
[Black "Yip, Carissa"]
[Result "1/2-1/2"]
[ECO "D03"]
[WhiteElo "2402"]
[BlackElo "2423"]
[Annotator "ChessBase"]
[PlyCount "74"]
[EventDate "2021.03.17"]
[EventType "tourn"]
[EventCountry "USA"]
[SourceTitle "playchess.com"]
[Source "ChessBase"]
[SourceQuality "1"]
[TimeControl "5400+30"]

1. d4 Nf6 2. Bg5 e6 3. Nd2 d5 4. e3 Be7 5. Ngf3 Nbd7 6. Bd3 c5 7. c3 O-O 8. O-O b6 9. Ne5 Bb7 10. f4 Ne4 11. Bxe7 Qxe7 12. Nxd7 Qxd7 13. Rf3 Rac8 14. Rh3 f6 15. Qc2 Qc6 16. Rf1 h6 17. f5 exf5 18. Rxf5 Qe6 19. Rf1 Rce8 20. Nxe4 dxe4 21. Bb5 Bc6 22. Bxc6 Qxc6 23. Rh5 cxd4 24. exd4 Re7 25. Qe2 Qe6 26. d5 Qd6 27. Qe3 Re5 28. Rxe5 Qxe5 29. Rd1 f5 30. d6 Rd8 31. d7 Qe6 32. Qd4 Kf7 33. c4 e3 34. Re1 Rxd7 35. Qxe3 Qxe3+ 36. Rxe3 Rd2 37. Ra3 Rxb2 1/2-1/2

[Event "Charlotte Spring GM Invitational 2021"]
[Site "Charlotte"]
[Date "2021.03.21"]
[Round "8.4"]
[White "Mishra, Abhimanyu"]
[Black "Gauri, Shankar"]
[Result "1/2-1/2"]
[ECO "E16"]
[WhiteElo "2370"]
[BlackElo "2353"]
[Annotator "ChessBase"]
[PlyCount "54"]
[EventDate "2021.03.17"]
[EventType "tourn"]
[EventCountry "USA"]
[SourceTitle "playchess.com"]
[Source "ChessBase"]
[SourceQuality "1"]
[TimeControl "5400+30"]

1. d4 Nf6 2. c4 e6 3. Nf3 b6 4. g3 Bb4+ 5. Bd2 Be7 6. Nc3 Bb7 7. Bg2 c6 8. Bf4 d5 9. cxd5 cxd5 10. Nb5 Bb4+ 11. Nd2 Na6 12. Nc7+ Nxc7 13. Qa4+ Qd7 14. Qxb4 Na6 15. Qa3 Nh5 16. Be3 Qe7 17. Qa4+ Qd7 18. Qb3 O-O 19. O-O Nf6 20. Rac1 Rfc8 21. Nb1 Ne4 22. Bf4 Nc7 23. Nc3 Nxc3 24. Qxc3 Nb5 25. Qd3 h6 26. Rfe1 Nd6 27. b3 a5 1/2-1/2